Map: Prüfung von Aiur LE

Players

Panda - Winner!

  • Race: Zerg Zerg
  • League: Platinum
  • Spawn Location: 5:00

shadow

  • Race: Protoss Protoss
  • League: Platinum
  • Spawn Location: 11:00

VOD

Have the link to the VOD?

Description

Time

  • Played on: Aug. 31, 2017, 2:01 p.m.
  • Length: 4:21
Show
View Real Time Build Order
Export as new Build Order

Panda Zerg - Winner!

Build Orders: Pool First 

Get SALT Encoding   

  12  0:01  Drone  
  13  0:12  Overlord  
  13  0:19  Drone  
  14  0:31  Drone  
  14  0:32  Drone  
  14  0:34  Drone  
  17  0:45  Extractor  
  17  0:47  Drone  
  17  0:58  Spawning Pool  
  16  1:24  Overlord  
  16  1:25  Drone  
  17  1:26  Drone  
  17  1:28  Hatchery  
  17  1:39  Drone  
  18  1:46  Drone  
  18  1:47  Queen  
  21  2:01  Roach Warren  
  20  2:06  Overlord  
  20  2:19  Overlord  
  20  2:35  Metabolic Boost  
  20  2:43  Roach x4  
  28  2:53  Roach  
  28  2:54  Zergling x2  
  31  2:58  Roach  
  33  3:08  Zergling x6  
  33  3:09  Zergling x2  
  37  3:13  Zergling x2  
  38  3:20  Zergling x2  
  38  3:25  Zergling x2  
  40  3:28  Zergling x2  
  40  3:29  Zergling x4  
  40  3:34  Ravager  
  44  3:45  Zergling x2  
  44  3:46  Zergling x6  
  47  3:57  Zergling x2  
  47  3:58  Zergling x4  
  49  4:11  Ravager  
Show
View Real Time Build Order
Export as new Build Order

shadow Protoss 

Build Orders: 1 Gate Expand 

Get SALT Encoding   

  12  0:01  Probe (Chrono Boost)  
  13  0:15  Pylon  
  13  0:18  Probe (Chrono Boost)  
  14  0:35  Gateway  
  14  0:38  Probe (Chrono Boost)  
  15  0:49  Probe (Chrono Boost)  
  16  0:59  Probe (Chrono Boost)  
  16  1:00  Assimilator  
  17  1:15  Pylon  
  16  1:32  Nexus  
  16  1:39  Cybernetics Core  
  16  1:43  Probe (Chrono Boost)  
  17  1:47  Assimilator  
  17  1:53  Probe (Chrono Boost)  
  18  1:54  Zealot  
  20  2:04  Probe (Chrono Boost)  
  21  2:19  Probe (Chrono Boost)  
  21  2:22  Twilight Council  
  22  2:31  Probe (Chrono Boost)  
  23  2:37  Pylon  
  23  2:47  Probe (Chrono Boost)  
  24  2:54  Robotics Facility  
  24  2:56  Probe (Chrono Boost)  
  25  3:00  Probe (Chrono Boost)  
  26  3:08  Probe  
  28  3:12  Probe  
  28  3:21  Probe (Chrono Boost)  
  29  3:27  Probe (Chrono Boost)  
  29  3:30  Assimilator  
  29  3:33  Probe (Chrono Boost)  
  31  3:39  Mothership Core (Chrono Boost)  
  35  3:45  Probe (Chrono Boost)  
  34  3:56  Probe (Chrono Boost)  
  34  3:57  Probe (Chrono Boost)  
Tags
 
Add a new tag
Caveats
  • Supply blocks, unpowered buildings, or Contaminate may cause inaccurate times.
  • Supply counts are checked every 10 seconds.